 Dungeon Crawl Stone Soup version 0.17-a0-777-g32247ce (webtiles) character file.

219 RobertPalmer the Cutter (level 6, 0/35 HPs)
             Began as a Kobold Hunter on Apr 26, 2015.
             Was an Initiate of Okawaru.
             Killed from afar by an orc wizard (6 damage)
             ... with a magic dart
             ... on level 4 of the Dungeon.
             The game lasted 00:04:51 (3525 turns).

RobertPalmer the Cutter (Kobold Hunter)             Turns: 3525, Time: 00:04:51

Health: 0/35       AC:  6    Str: 11    XL:     6   Next: 18%
Magic:  6/6        EV: 14    Int: 11    God:    Okawaru [......]
Gold:   138        SH:  0    Dex: 16    Spells: 0 memorised, 5 levels left

rFire  . . .     SeeInvis .     a - +0 short sword
rCold  . . .     Clarity  .     d - +0 leather armour
rNeg   . . .     SustAb   .     (shield restricted)
rPois  .         Gourm    .     (no helmet)
rElec  .         Spirit   .     p - +0 cloak (curse)
rCorr  .         Warding  .     f - +0 pair of gloves
rMut   .         Stasis   .     o - +0 pair of boots
MR     .....                    (no amulet)
Stlth  ++........               (no ring)
                                h - ring of flight {+Fly, !d}

@: slowed, very slow, not resistant to hostile enchantments, unstealthy
A: carnivore 3
a: Renounce Religion, Evoke Flight


You were on level 4 of the Dungeon.
You worshipped Okawaru.
Okawaru was noncommittal.
You were not hungry.

You visited 1 branch of the dungeon, and saw 4 of its levels.

You collected 138 gold pieces.

Inventory:

Hand weapons
 a - a +0 short sword (weapon)
 b - a +2 hand crossbow
Missiles
 c - 45 bolts
Armour
 d - a +0 leather armour (worn)
 f - a +0 pair of gloves (worn)
   (You found it on level 1 of the Dungeon)
 o - a +0 pair of boots (worn)
   (You found it on level 1 of the Dungeon)
 p - a cursed +0 cloak (worn)
   (You found it on level 1 of the Dungeon)
Jewellery
 h - a ring of flight (left hand) {+Fly, !d}
   (You found it on level 1 of the Dungeon)
Magical devices
 w - a wand of draining (8)
   (You found it on level 4 of the Dungeon)
Scrolls
 i - 2 scrolls of identify
 j - a scroll of magic mapping {unknown}
 n - a scroll of noise {unknown}
 r - 2 scrolls of enchant weapon
 s - a scroll of enchant armour {unknown}
 t - 2 scrolls of remove curse {unknown}
Potions
 g - a potion of restore abilities
 m - a potion of flight {unknown}
 q - a potion of poison {!q}
 u - a potion of haste
 v - a potion of magic {unknown}
Comestibles
 e - 2 meat rations {@e2}


   Skills:
 - Level 2.1 Fighting
 + Level 7.3 Short Blades
 - Level 4.8 Crossbows
 - Level 2.4 Dodging
 - Level 1.3 Stealth


You had 5 spell levels left.
You didn't know any spells.

Dungeon Overview and Level Annotations

Branches:
Dungeon (4/15)
 Temple: D:4-7

Altars:
Ashenzari
Gozag
Kikubaaqudgha
Makhleb
Okawaru
Qazlal
Yredelemnul

Shops:
D:4 ?

Annotations:
D:2 exclusion: Sigmund, Sigmund


Innate Abilities, Weirdness & Mutations

You are small and have problems with some larger weapons.
You are carnivorous and can eat meat at any time.


Message History

No target in view!
No target in view!
You see here a club.
There is an open door here.
You now have 138 gold pieces (gained 11).
You open the door. 3 orcs, an orc priest and an orc wizard come into view.
The orc wizard shouts!
The orc shouts!
The orc shouts!
The orc priest shouts!
Health restored: 35
There are monsters nearby!
There are monsters nearby!
There are monsters nearby!
b - a +2 hand crossbow (weapon)
Aim: an orc priest, wearing a scale mail You shoot a bolt.
The bolt hits the orc!
You kill the orc!
Okawaru accepts your kill.
Aim: an orc priest, wearing a scale mail You shoot a bolt.
The bolt closely misses the orc.
The bolt hits the orc priest.
Aim: an orc priest, wearing a scale mail (moderately wounded)
You shoot a bolt. The bolt hits the orc!
You kill the orc!
Okawaru accepts your kill.
The orc wizard gestures wildly while chanting.
The orc wizard blinks!
a - a +0 short sword (weapon)
You completely miss the orc priest. The orc priest closely misses you.
The orc wizard gestures at you while chanting.
The magic dart hits you!
You take 6 damage, and have 29/35 hp.
You hit the orc priest but do no damage.
The orc priest calls down the wrath of Beogh upon you.
You barely resist.
You hit the orc priest but do no damage.
The orc priest closely misses you.
You hit the orc priest. The orc wizard closely misses you.
You closely miss the orc priest. The orc priest hits you.
The orc wizard casts a spell.
The orc wizard seems to speed up.
You take 1 damage, and have 28/35 hp.
You barely miss the orc priest.
The orc priest mumbles some strange prayers to Beogh against you.
Something smites you! The orc wizard hits you with a dagger.
You take 13 damage, and have 15/35 hp.
MASSIVE DAMAGE!!
You hit the orc priest but do no damage.
The orc wizard misses you.
You hit the orc priest but do no damage.
The orc wizard misses you.
You hit the orc priest but do no damage.
The orc wizard hits you but does no damage.
The orc priest hits you. The orc closely misses you.
You take 2 damage, and have 13/35 hp.
You hit the orc priest.
The orc wizard gestures at you while chanting.
You resist with some effort. The orc priest hits you.
* * * LOW HITPOINT WARNING * * *
The orc barely misses you.
You take 6 damage, and have 7/35 hp.
Unknown command.
Drink which item? (? for menu, Esc to quit)
You feel better.
The orc wizard hits you but does no damage.
The orc wizard gestures wildly while chanting.
The orc wizard blinks!
The orc priest invokes the aid of Beogh against you.
Pain shoots through your body!
* * * LOW HITPOINT WARNING * * *
The orc closely misses you.
You regained 2 hp, and now have 9/35 hp.
Drink which item? (? for menu, Esc to quit)
You feel better.
The orc wizard gestures at you while chanting.
You feel yourself slow down.
The orc priest calls down the wrath of Beogh upon you.
Something smites you!
* * * LOW HITPOINT WARNING * * *
You take 5 damage, and have 4/35 hp.
Drink which item? (? for menu, Esc to quit)
You feel better.
The orc wizard casts a spell.
The orc wizard blinks!
The orc closely misses you. The orc priest closely misses you.
The orc hits you with a short sword.
* * * LOW HITPOINT WARNING * * *
You regained 6 hp, and now have 10/35 hp.
Read which item? (? for menu, Esc to quit)
As you read the scroll of teleportation, it crumbles to dust.
You feel strangely unstable. The orc priest hits you.
* * * LOW HITPOINT WARNING * * *
The orc closely misses you. The orc priest hits you.
* * * LOW HITPOINT WARNING * * *
You take 4 damage, and have 6/35 hp.
Unknown command.
Unknown command.
Your surroundings seem slightly different.
The orc wizard casts a spell at you. The magic dart hits you!
You die...

#.......# ##########
###.######## #........# #.#
#.....
#######........######.###.#...
....(.(oo.......'..............
#.o......##########.#.##
#ยง.......# .............
#........# ......##.#...
#......@.# ........O....
#........# ........<#(..
#........#.......##.#(#. ..
##########..........#(#. #..
########..#.#. #... #..#.#.
#... #..#.#. #...### ######
#..#.#.
#.....#########....#####..#.#


You could see an orc priest, an orc wizard and an orc.

Vanquished Creatures
  An iguana (D:4)
  2 worker ants (D:4)
  4 adders
  4 gnolls (D:3)
  2 oozes (D:2)
  2 worms
  2 orcs (D:4)
  A bat skeleton (D:4)
  8 hobgoblins
  6 kobolds
  4 quokkas
  5 bats
  4 giant cockroaches
  2 giant newts
  7 goblins
  5 rats
59 creatures vanquished.

Notes
Turn   | Place    | Note
--------------------------------------------------------------
     0 | D:1      | RobertPalmer, the Kobold Hunter, began the quest for the Orb.
     0 | D:1      | Reached XP level 1. HP: 12/12 MP: 1/1
    40 | D:1      | Reached skill level 1 in Short Blades
   220 | D:1      | Reached skill level 2 in Short Blades
   220 | D:1      | Reached XP level 2. HP: 14/17 MP: 2/2
   811 | D:2      | HP: 3/17 [quokka (4)]
  1233 | D:2      | Found a basalt altar of Yredelemnul.
  1235 | D:2      | Found an iron altar of Okawaru.
  1236 | D:2      | Found an ancient bone altar of Kikubaaqudgha.
  1236 | D:2      | Found a stormy altar of Qazlal.
  1237 | D:2      | Found a shattered altar of Ashenzari.
  1241 | D:2      | Became a worshipper of Warmaster Okawaru
  1247 | D:2      | Found an opulent altar of Gozag.
  1314 | D:2      | Reached skill level 3 in Short Blades
  1314 | D:2      | Reached XP level 3. HP: 19/21 MP: 3/3
  1682 | D:2      | Noticed Sigmund
  1708 | D:2      | Reached skill level 4 in Short Blades
  1993 | D:3      | Reached XP level 4. HP: 18/26 MP: 4/4
  2287 | D:3      | Reached skill level 5 in Short Blades
  2296 | D:3      | HP: 6/26 [gnoll (8)]
  2321 | D:3      | Reached XP level 5. HP: 19/30 MP: 5/5
  2604 | D:3      | Found a burning altar of Makhleb.
  2736 | D:4      | Reached skill level 6 in Short Blades
  2961 | D:4      | HP: 7/30 [iguana (11)]
  3210 | D:4      | Reached skill level 7 in Short Blades
  3210 | D:4      | Reached XP level 6. HP: 33/35 MP: 6/6
  3269 | D:4      | Noticed an ogre
  3352 | D:4      | Found Wuro's Magic Scroll Shoppe.
  3520 | D:4      | HP: 7/35 [orc priest (6)]
  3525 | D:4      | Killed from afar by an orc wizard

Action                   |  1- 3 |  4- 6 || total
-------------------------+-------+-------++-------
Melee: Short sword       |   109 |   136 ||   245
 Fire: Hand crossbow     |    12 |    18 ||    30
  Use: Scroll            |    10 |     1 ||    11
       Potion            |       |     6 ||     6
 Stab: Distracted        |     1 |       ||     1
       Sleeping          |     1 |     2 ||     3
  Eat: Chunk             |     3 |     1 ||     4
       Meat ration       |       |     1 ||     1

Vault maps used:
D:1:      dpeg_arrival_short_road, minmay_misc_feat_room
D:2:      minitemple, first_bread, uniq_sigmund
D:3:      lemuel_crystal_altar, grunt_ministairs_3
D:4:      serial_shops, shop

Table legend:
 A = Turns spent in this place as a percentage of turns spent in the entire game.
 B = Non-inter-level travel turns spent in this place as a percentage of non-inter-level travel turns spent in the entire game.
 C = Inter-level travel turns spent in this place as a percentage of turns spent in this place.
 D = Turns resting spent in this place as a percentage of non-inter-level travel turns spent in this place.
 E = Turns spent auto-exploring this place as a percentage of non-inter-level travel turns spent in this place.
 F = Non-inter-level travel turns spent in this place divided by the number of levels of this place that you've seen.
                   A       B       C       D       E      F
               +-------+-------+-------+-------+-------+----------------------
         Total | 100.0 | 100.0 |   0.7 |   2.5 |  12.3 | 218.2
       Dungeon | 100.0 | 100.0 |   0.7 |   2.5 |  12.3 | 218.2
               +-------+-------+-------+-------+-------+----------------------

Table legend:
 A = Kills in this place as a percentage of kills in entire the game.
 B = Kills by you in this place as a percentage of kills by you in the entire game.
 C = Kills by friends in this place as a percentage of kills by friends in the entire game.
 D = Other kills in this place as a percentage of other kills in the entire game.
 E = Experience gained in this place as a percentage of experience gained in the entire game.
 F = Experience gained in this place divided by the number of levels of this place that you have seen.
                   A       B       C       D       E      F
               +-------+-------+-------+-------+-------+----------------------
         Total | 100.0 | 100.0 |  -nan |  -nan | 100.0 |  78.5
       Dungeon | 100.0 | 100.0 |  -nan |  -nan | 100.0 |  78.5
               +-------+-------+-------+-------+-------+----------------------
